Map: Proxima Station LE

Players

SortOf - Winner!

  • Race: Zerg Zerg
  • Spawn Location: 1:00

Cuddlebear

  • Race: Terran Terran
  • Spawn Location: 7:00

Event: WCS Austin 2017

VOD

Have the link to the VOD?

Description

Time

  • Played on: April 28, 2017, 2:08 p.m.
  • Length: 14:09

All games in this series

Show
View Real Time Build Order
Export as new Build Order

SortOf Zerg - Winner!

Build Orders: Hatch First 

Get SALT Encoding   

  12  0:01  Drone  
  13  0:13  Overlord  
  13  0:17  Drone  
  14  0:32  Drone x2  
  16  0:40  Drone  
  17  0:54  Hatchery  
  17  0:56  Drone  
  17  0:59  Drone  
  18  1:10  Extractor  
  17  1:17  Drone  
  18  1:19  Spawning Pool  
  17  1:28  Drone  
  17  1:31  Drone  
  19  1:44  Overlord  
  19  1:51  Drone  
  20  2:06  Queen, Zergling x2  
  20  2:08  Queen  
  25  2:09  Zergling x2  
  25  2:11  Metabolic Boost  
  25  2:14  Drone  
  27  2:22  Zergling x2  
  28  2:26  Zergling x2  
  29  2:34  Extractor  
  28  2:42  Queen  
  28  2:43  Queen  
  32  2:49  Overlord  
  33  2:54  Zergling x6  
  36  3:00  Spine Crawler  
  35  3:06  Zergling x2  
  35  3:07  Zergling x2  
  37  3:18  Zergling x2  
  37  3:19  Zergling x6  
  41  3:28  Zergling x6  
  43  3:46  Overlord  
  43  3:47  Drone  
  41  3:54  Drone  
  42  3:56  Drone, Overlord  
  43  4:06  Drone  
  43  4:07  Hatchery  
  37  4:10  Drone  
  37  4:13  Drone  
  37  4:14  Drone  
  39  4:22  Drone  
  40  4:26  Drone x2  
  40  4:27  Drone x2  
  40  4:29  Drone  
  45  4:32  Drone  
  45  4:33  Drone  
  47  4:39  Overlord  
  47  4:42  Drone, Evolution Chamber  
  47  4:48  Drone x3  
  50  4:58  Drone x2  
  52  5:01  Baneling Nest  
  52  5:02  Queen  
  52  5:04  Drone x2  
  55  5:10  Drone  
  55  5:12  Drone x2  
  58  5:18  Overlord  
  58  5:20  Drone x2  
  60  5:22  Drone  
  60  5:25  Zerg Ground Armor Level 1  
  60  5:27  Evolution Chamber  
  60  5:28  Overlord  
  60  5:29  Zergling x2  
  60  5:30  Zergling x2  
  60  5:33  Queen  
  64  5:36  Zergling x2  
  64  5:38  Extractor  
  64  5:43  Zergling x2  
  64  5:44  Zergling x8  
  64  5:49  Lair  
  69  5:51  Overlord  
  69  5:52  Extractor  
  69  5:53  Drone  
  69  5:59  Zergling x6  
  69  6:02  Drone x3  
  75  6:05  Drone x2, Zerg Melee Weapons Level 1  
  75  6:08  Drone x2  
  75  6:09  Drone  
  80  6:12  Drone  
  80  6:17  Drone, Extractor  
  80  6:18  Drone  
  82  6:24  Overlord  
  82  6:32  Overlord  
  81  6:34  Drone x8  
  89  6:41  Baneling x3  
  89  6:42  Baneling x2  
  89  6:43  Drone x2  
  89  6:45  Drone x2  
  93  6:47  Centrifical Hooks  
  93  6:49  Extractor  
  93  6:50  Extractor  
  91  6:55  Drone x6  
  91  7:00  Overlord  
  97  7:03  Zergling x2  
  97  7:08  Zergling x8  
  102  7:09  Hatchery  
  102  7:12  Infestation Pit  
  102  7:14  Overseer, Baneling  
  102  7:15  Baneling x2  
  100  7:19  Zergling x10  
  101  7:31  Zergling x2  
  101  7:32  Zergling x8  
  106  7:38  Overlord x3  
  103  7:44  Zerg Ground Armor Level 2  
  103  7:47  Hatchery  
  103  7:50  Hive  
  102  7:52  Zergling x6  
  102  7:55  Spore Crawler  
  102  7:56  Baneling x2  
  104  7:59  Zergling x2  
  104  8:00  Zergling x10  
  104  8:04  Zerg Melee Weapons Level 2  
  110  8:07  Drone x3  
  110  8:08  Drone, Baneling  
  110  8:09  Baneling  
  113  8:20  Zergling x10  
  118  8:33  Zergling x2  
  118  8:34  Zergling x16  
  122  8:35  Baneling x4  
  122  8:41  Queen  
  122  8:44  Zergling x2  
  122  8:45  Zergling x4  
  122  8:47  Overlord  
  127  8:55  Baneling x2  
  126  8:59  Zergling x2  
  126  9:00  Zergling x16  
  135  9:04  Drone, Overlord  
  135  9:05  Baneling  
  135  9:06  Baneling x8  
  135  9:08  Adrenal Glands  
  135  9:10  Ultralisk Cavern  
  135  9:12  Zergling x2  
  135  9:16  Baneling x5  
  125  9:28  Overlord  
  125  9:30  Drone x2  
  125  9:31  Drone x4, Overlord  
  129  9:34  Zergling x22  
  135  9:46  Hatchery  
  135  9:49  Zergling x14  
  141  9:55  Overseer  
  141  9:57  Baneling x2  
  139  10:04  Ultralisk  
  139  10:05  Ultralisk x2  
  154  10:08  Chitinous Plating  
  154  10:16  Ultralisk  
  154  10:17  Zergling x2  
  154  10:18  Overlord  
  161  10:22  Overlord  
  161  10:29  Zergling x10  
  161  10:30  Zerg Ground Armor Level 3  
  161  10:32  Overlord  
  161  10:34  Baneling x11  
  172  10:50  Zergling x6, Ultralisk x2  
  172  10:53  Zergling x2  
  171  10:59  Zergling x14  
  171  11:03  Spire  
  174  11:15  Zergling x14, Ultralisk  
  174  11:16  Drone x2  
  187  11:19  Drone  
  187  11:20  Drone  
  186  11:26  Baneling  
  186  11:27  Baneling x8  
  186  11:28  Zergling x6  
  186  11:29  Zergling x10  
  186  11:30  Overlord  
  188  11:42  Zergling x28  
  169  12:14  Drone x5  
  169  12:15  Drone  
  169  12:17  Baneling  
  169  12:18  Spine Crawler  
  169  12:20  Spore Crawler  
  167  12:24  Corruptor x9  
  181  12:33  Overlord, Extractor  
  181  12:35  Extractor, Corruptor  
  175  12:39  Drone x3  
  175  12:40  Drone x2  
  175  12:41  Drone  
  181  12:46  Spore Crawler  
  181  12:47  Spore Crawler  
  181  12:48  Hatchery  
  178  12:52  Ultralisk  
  184  13:03  Zergling x20  
  192  13:20  Hatchery  
  191  13:32  Zergling x14  
  198  13:41  Baneling x3  
  198  13:42  Baneling x4  
Show
View Real Time Build Order
Export as new Build Order

Cuddlebear Terran 

Build Orders: MMM Bio 

Get SALT Encoding   

  12  0:00  SCV  
  13  0:12  SCV  
  14  0:19  Supply Depot  
  14  0:24  SCV  
  15  0:30  Refinery  
  15  0:40  SCV  
  16  0:45  Barracks  
  16  0:52  SCV  
  17  1:04  SCV  
  17  1:08  Barracks  
  18  1:16  SCV  
  19  1:25  Barracks  
  20  1:34  Reaper  
  20  1:42  Orbital Command  
  20  1:50  Supply Depot  
  20  1:55  Reaper  
  21  2:07  Reaper, Bunker  
  22  2:11  SCV  
  23  2:16  Refinery  
  23  2:20  Reaper  
  24  2:24  SCV  
  24  2:27  Reaper  
  26  2:42  SCV  
  27  2:47  Reaper  
  28  2:54  SCV  
  28  2:55  Supply Depot  
  29  3:06  Reaper x2  
  31  3:17  Command Center, SCV  
  32  3:28  Reaper  
  33  3:38  Reaper  
  34  3:47  Reaper  
  29  3:48  SCV  
  29  3:53  Command Center  
  30  4:00  SCV  
  30  4:01  Barracks Reactor  
  31  4:11  Barracks Reactor  
  31  4:12  Barracks Tech Lab  
  31  4:13  SCV  
  32  4:17  Engineering Bay  
  32  4:20  Barracks Reactor  
  32  4:25  SCV  
  32  4:31  Marine  
  34  4:32  Stimpack  
  34  4:36  Orbital Command  
  34  4:37  SCV  
  35  4:40  Factory, Marine x2  
  37  4:50  Marine  
  38  4:55  Terran Infantry Weapons Level 1  
  38  4:56  SCV  
  38  4:57  Supply Depot  
  39  5:01  Marine x2  
  42  5:11  SCV  
  42  5:13  Orbital Command  
  43  5:21  Marine  
  43  5:23  Marine, SCV  
  45  5:28  Starport  
  45  5:31  Factory Reactor  
  45  5:36  Refinery  
  45  5:37  SCV  
  45  5:39  SCV  
  47  5:43  Marine, SCV  
  47  5:46  Marine  
  47  5:48  Marine  
  51  5:50  SCV  
  51  5:53  Marine  
  51  5:54  SCV  
  54  5:57  Marine  
  54  5:58  SCV  
  54  6:01  Marine  
  54  6:02  SCV  
  58  6:06  SCV  
  58  6:10  SCV  
  60  6:12  Marine  
  60  6:14  Marine, SCV  
  60  6:15  Medivac  
  60  6:17  Medivac, Marine  
  60  6:18  SCV  
  69  6:22  Marine, SCV  
  69  6:23  Marine  
  72  6:25  Factory Reactor  
  72  6:26  SCV  
  72  6:30  Marine  
  72  6:35  Marine  
  72  6:36  SCV  
  72  6:37  Orbital Command  
  72  6:38  Marine  
  72  6:40  Combat Shields  
  72  6:42  Barracks  
  72  6:43  Barracks, SCV  
  72  6:45  Marine x2  
  75  6:53  Marine  
  77  6:58  Engineering Bay, Marine  
  77  6:59  Terran Infantry Armor Level 1  
  77  7:04  Refinery  
  77  7:12  Armory  
  77  7:13  Medivac x2, SCV x3  
  84  7:21  Marine  
  85  7:29  Marine x2, SCV x2  
  85  7:30  SCV  
  85  7:37  Barracks Reactor  
  85  7:42  Marine, SCV  
  85  7:45  Supply Depot, Marine  
  85  7:46  Barracks Reactor  
  85  7:48  Supply Depot  
  85  7:50  Supply Depot, Widow Mine x2, Marine x3, SCV  
  85  7:51  Supply Depot  
  93  7:57  SCV x2  
  95  7:59  Marine  
  95  8:03  Marine, SCV  
  95  8:04  Medivac  
  100  8:07  Terran Infantry Weapons Level 2  
  100  8:08  Marine x2  
  102  8:17  Marine  
  102  8:18  SCV  
  102  8:19  Marine  
  101  8:21  Marine x2  
  101  8:22  Widow Mine x2  
  101  8:25  Medivac, Marine  
  110  8:27  SCV  
  110  8:28  SCV  
  109  8:35  Marine  
  109  8:36  SCV  
  109  8:38  Marine  
  109  8:39  Medivac, Marine x2  
  109  8:40  SCV  
  117  8:47  Marine  
  117  8:48  Marine x4  
  120  8:50  SCV x2  
  120  8:52  SCV  
  120  8:53  Marine  
  122  8:56  Marine  
  122  8:58  Marine, Terran Infantry Armor Level 2  
  122  9:02  SCV x2  
  126  9:03  Marine  
  126  9:05  SCV  
  128  9:11  Supply Depot  
  128  9:17  Marine, SCV  
  128  9:23  Marine  
  124  9:27  Marine x2  
  124  9:28  Marine x2  
  124  9:29  Marauder, Marine  
  124  9:30  Widow Mine  
  133  9:32  Widow Mine, Barracks  
  133  9:34  Barracks  
  133  9:35  Supply Depot  
  133  9:36  Refinery  
  133  9:41  Supply Depot  
  133  9:43  Barracks  
  133  9:44  Marine  
  132  9:46  Marine x2  
  132  9:47  Medivac, Marine x3  
  132  9:48  Medivac  
  141  10:03  Marauder, Marine  
  139  10:08  Marine  
  139  10:10  Marine x4  
  139  10:11  Marine  
  139  10:12  Marine  
  145  10:15  Refinery  
  145  10:20  SCV  
  145  10:21  Marine  
  142  10:25  Marauder  
  142  10:26  Marine  
  142  10:28  Marine x3  
  148  10:30  Barracks Tech Lab  
  148  10:32  Barracks Tech Lab x2  
  148  10:34  Marine  
  149  10:37  Marine  
  149  10:41  Command Center  
  91  10:42  Liberator  
  149  10:43  Liberator, Marine  
  149  10:44  Marine  
  149  10:45  Marine  
  149  10:46  Marauder  
  131  10:59  Marauder, Marine x2  
  131  11:00  Widow Mine x2  
  143  11:07  Marauder  
  143  11:10  Marauder, Marine x2  
  147  11:12  SCV x2  
  147  11:13  Marauder  
  147  11:16  Marine  
  147  11:17  Marine  
  153  11:19  Marine  
  153  11:20  Marine  
  153  11:21  Starport, Terran Infantry Weapons Level 3, Command Center  
  149  11:34  Widow Mine x2, Marine  
  149  11:35  Marauder  
  147  11:45  Liberator x2  
  145  11:48  Marine  
  145  11:49  Liberator, Marauder  
  142  11:54  Marine x2  
  142  11:55  Marauder, Marine  
  142  11:59  Marine  
  142  12:00  Marauder, Marine  
  148  12:08  Marine  
  148  12:10  Command Center  
  148  12:13  Marauder, Marine  
  148  12:14  Marine  
  148  12:15  Widow Mine, Marine  
  148  12:27  Liberator, Marine  
  148  12:28  Marauder  
  147  12:38  Marine x2  
  147  12:39  Marauder x2, Marine  
  154  12:44  Liberator  
  154  12:45  Marine  
  154  12:46  Marauder, Marine  
  154  12:47  Liberator, Marine  
  154  12:49  Marauder, Marine  
  165  13:01  Supply Depot, Widow Mine x2  
  175  13:12  Marine  
  175  13:13  Marauder  
  170  13:23  Marine  
  170  13:24  Marauder, Marine  
  172  13:28  Marine  
  172  13:29  Marauder, Marine  
  172  13:30  Marine  
  178  13:37  Ghost Academy, Marauder, Marine  
  178  13:40  Starport  
  181  13:43  Marauder  
  181  13:45  Marine  
Tags
 
Add a new tag
Caveats
  • Supply blocks, unpowered buildings, or Contaminate may cause inaccurate times.
  • Supply counts are checked every 10 seconds.